 Dungeon Crawl Stone Soup version 0.28-a0-1624-g820543e53a (webtiles) character file.

Game seed: 2957697632942513493

632180 belegose the Formicid Barricade (level 27, -8/165 HPs)
             Began as a Formicid Abyssal Knight on Jan 21, 2022.
             Was the Champion of Lugonu.
             Killed from afar by a Hell Sentinel (37 damage)
             ... with an iron shot
             ... on level 1 of the Depths on Jan 23, 2022.
             The game lasted 08:49:12 (126662 turns).

belegose the Formicid Barricade (FoAK)            Turns: 126662, Time: 08:49:13

Health: -8/165     AC: 39    Str: 24    XL:     27
Magic:  32/32      EV: 12    Int: 16    God:    Lugonu [******]
Gold:   3710       SH: 30    Dex:  4    Spells: 12/39 levels left

rFire   + + +      SeeInvis +   a - +9 lajatang (spect)
rCold   + . .      Faith    .   M - +8 tower shield {AC+3}
rNeg    + + +      Spirit   .   y - +8 fire dragon scales {Xtahua}
rPois   .          Reflect  .   (helmet unavailable)
rElec   +          Harm     .   k - +2 cloak {rF+}
rCorr   .          Rampage  .   j - +2 pair of gloves {hurl}
Will    +++..                   P - +1 pair of boots "Oquheula" {Int+2}
Stlth   ..........              d - amulet of Ysuddic {RegenMP rC+ rN++ Regen+ Dex-5}
HPRegen 1.17/turn               H - ring of the Establishment {Contam rC+ rN+ Will+}
MPRegen 0.63/turn               p - ring "Wuenit" {rElec AC+4 Int+2 SInv}

@: studying 4 skills
A: permanent stasis, dig shafts and tunnels, antennae 3, four strong arms,
talons 1, clumsy 1, dopey 1, frail 3, low mp 1, screaming 1, weak 2
0: Orb of Zot
}: 4/15 runes: serpentine, barnacled, slimy, silver
a: Dig, Shaft Self, Renounce Religion, Depart the Abyss, Bend Space, Banish,
Corrupt, Enter the Abyss, Brand Weapon With Distortion


You were on level 1 of the Depths.
You worshipped Lugonu.
Lugonu was exalted by your worship.
You visited 12 branches of the dungeon, and saw 57 of its levels.
You visited the Abyss 2 times.
You visited 1 bazaar.
You also visited: Bailey, Volcano and Wizlab.

You collected 8273 gold pieces.
You spent 4563 gold pieces at shops.

Inventory:

Hand Weapons
 a - a +9 spectral lajatang (weapon)
 b - the +8 longbow "Zephyr" {speed, Dex+3 SInv}
   (You found it on level 4 of the Lair of Beasts)

   Attacks with this weapon are significantly faster.
   Dex:       It affects your dexterity (+3).
   SInv:      It lets you see invisible.
 w - the +18 lance "Wyrmbane" {slay drac, rPois rF+ rC+ AC+3}
   (You took it off a deep elf death mage on level 3 of the Elven Halls)

   It inflicts extra damage against dragons and draconians.
   AC:        It affects your AC (+3).
   rF:        It protects you from fire.
   rC:        It protects you from cold.
   rPois:     It protects you from poison.
Missiles
 i - 18 boomerangs
 q - 27 javelins
 Q - 1372 arrows
 U - 7 throwing nets
 Z - 9 silver javelins (quivered)
Armour
 j - a +2 pair of gloves of hurling (worn)
 k - a +2 cloak of fire resistance (worn)
 y - +8 fire dragon scales (worn) {Xtahua}
 M - a +8 tower shield of protection (worn)
 P - the +1 pair of boots "Oquheula" (worn) {Int+2}
   (You found it on level 3 of the Depths)

   Int:       It affects your intelligence (+2).
Jewellery
 d - the amulet of Ysuddic (around neck) {RegenMP rC+ rN++ Regen+ Dex-5}
   (You took it off a deep elf high priest on level 3 of the Elven Halls)

   [amulet of magic regeneration]

   It increases your rate of magic regeneration.
   Dex:       It affects your dexterity (-5).
   rC:        It protects you from cold.
   rN:        It greatly protects you from negative energy.
   Regen:     It increases your rate of health regeneration.
 p - the ring "Wuenit" (right hand) {rElec AC+4 Int+2 SInv}
   (You found it on level 1 of the Vaults)

   [ring of protection]

   AC:        It affects your AC (+4).
   Int:       It affects your intelligence (+2).
   rElec:     It insulates you from electricity.
   SInv:      It lets you see invisible.
 H - the ring of the Establishment (left hand) {Contam rC+ rN+ Will+}
   (You bought it in a shop on level 2 of the Depths)

   [ring of willpower]

   rC:        It protects you from cold.
   rN:        It protects you from negative energy.
   Contam:    It causes magical contamination when unequipped.
   Will:      It increases your willpower.
 Y - a ring of resist corrosion
Wands
 c - a wand of charming (10)
 f - a wand of digging (27)
 t - a wand of iceblast (13)
 B - a wand of mindburst (31)
 G - a wand of paralysis (29)
 J - a wand of acid (9)
Scrolls
 e - 7 scrolls of summoning
 u - 12 scrolls of fog
 x - 5 scrolls of silence
 O - 10 scrolls of fear
 X - 3 scrolls of holy word
Potions
 g - 2 potions of ambrosia
 o - 8 potions of mutation
 r - 19 potions of curing
 z - 7 potions of lignification
 A - a potion of resistance
 C - 5 potions of magic
 D - 7 potions of flight
 E - 2 potions of cancellation
 F - 3 potions of invisibility
 N - 6 potions of heal wounds
Miscellaneous
 l - a phial of floods
 m - a condenser vane
 I - a tin of tremorstones (2/2)
 L - a phantom mirror
 R - a box of beasts (inert)
 S - a lightning rod (4/4)


   Skills:
 + Level 23.9 Fighting
 - Level 10.3 Long Blades
 - Level 4.1(9.8) Maces & Flails
 - Level 8.1(12.0) Polearms
 - Level 13.7(14.8) Staves
 - Level 14.2(15.4) Slings
 - Level 9.0 Bows
 - Level 9.3(12.4) Throwing
 - Level 17.5 Armour
 - Level 14.3 Dodging
 O Level 27 Shields
 - Level 6.5 Spellcasting
 - Level 8.6 Hexes
 + Level 12.0 Necromancy
 - Level 5.0 Transmutations
 + Level 17.4 Earth Magic
 - Level 18.0 Invocations
 - Level 12.0 Evocations


You had 12 spell levels left.
You knew the following spells:

 Your Spells              Type           Power      Damage    Failure   Level
a - Borgnjor's Vile Clut  Necr/Erth      25%        N/A       1%          5
b - Animate Skeleton      Necr           86%        N/A       1%          1
c - Vampiric Draining     Necr           43%        2d9       1%          3
d - Dispel Undead         Necr           43%        3d17      1%          4
e - Passwall              Tmut/Erth      34%        N/A       1%          2
f - Lee's Rapid Deconstr  Erth           28%        3d16*     1%          5
g - Animate Dead          Necr           21%        N/A       1%          4
h - Tukima's Dance        Hex            32%        N/A       2%          3

Your spell library contained the following spells:

 Spells                   Type           Power      Damage    Failure   Level
 Slow                     Hex            100%       N/A       1%          1
 Sublimation of Blood     Necr           43%        N/A       1%          2
 Leda's Liquefaction      Hex/Erth       23%        N/A       1%          4
 Confusing Touch          Hex            32%        N/A       2%          3
 Stone Arrow              Conj/Erth      66%        3d11      2%          3
 Petrify                  Tmut/Erth      41%        N/A       2%          4
 Beastly Appendage        Tmut           42%        N/A       3%          1
 Corpse Rot               Necr/Air       48%        N/A       3%          2
 Anguish                  Hex/Necr       19%        N/A       3%          4
 Wereblood                Tmut           21%        N/A       4%          2
 Agony                    Necr           43%        N/A       5%          5
 Ensorcelled Hibernation  Hex/Ice        38%        N/A       7%          2
 Animate Armour           Summ/Erth      66%        N/A       7%          4
 Cause Fear               Hex            16%        N/A       8%          4
 Sting                    Tmut/Pois      52%        1d5       10%         1
 Dazzling Flash           Conj/Hex       38%        N/A       13%         3
 Inner Flame              Hex/Fire       19%        N/A       13%         3
 Portal Projectile        Hex/Tloc       38%        N/A       13%         3
 Summon Guardian Golem    Hex/Summ       19%        N/A       13%         3
 Apportation              Tloc           10%        N/A       26%         1
 Freeze                   Ice            20%        1d4       26%         1
 Magic Dart               Conj           20%        1d4       26%         1
 Shock                    Conj/Air       20%        1d4       26%         1
 Summon Small Mammal      Summ           20%        N/A       26%         1
 Spider Form              Tmut/Pois      13%        N/A       28%         3
 Death Channel            Necr           21%        N/A       28%         6
 Call Imp                 Summ           5%         N/A       36%         2
 Poisonous Vapours        Pois/Air       10%        N/A       36%         2
 Scorch                   Fire           10%        2d5       36%         2
 Static Discharge         Conj/Air       5%         N/A       36%         2
 Ignite Poison            Fire/Tmut/Pois 10%        N/A       36%         3
 Statue Form              Tmut/Erth      27%        N/A       36%         6
 Fulminant Prism          Conj/Hex       9%         3d7       41%         4
 Yara's Violent Unravell  Hex/Tmut       13%        3d7       41%         5
 Call Canine Familiar     Summ           5%         N/A       61%         3
 Conjure Flame            Conj/Fire      5%         6-21      61%         3
 Frozen Ramparts          Ice            10%        1d3       61%         3
 Gell's Gravitas          Tloc           5%         N/A       61%         3
 Mephitic Cloud           Conj/Pois/Air  5%         N/A       61%         3
 Ozocubu's Armour         Ice            5%         N/A       61%         3
 Teleport Other           Tloc           5%         N/A       61%         3
 Silence                  Hex/Air        9%         N/A       77%         5
 Summon Mana Viper        Hex/Summ       19%        N/A       77%         5
 Airstrike                Air            2%         N/A       95%         4
 Flame Wave               Conj/Fire      5%         2d5       95%         4
 Hailstorm                Conj/Ice       5%         3d4       95%         4
 Iskenderun's Mystic Bla  Conj/Tloc      5%         2d3       95%         4
 Olgreb's Toxic Radiance  Pois           5%         N/A       95%         4
 Passage of Golubria      Tloc           5%         N/A       95%         4
 Sticky Flame             Conj/Fire      5%         2d3       95%         4
 Summon Lightning Spire   Summ/Air       5%         N/A       95%         4
 Alistair's Intoxication  Tmut/Pois      8%         N/A       95%         5
 Irradiate                Conj/Tmut      6%         3d16      95%         5
 Simulacrum               Ice/Necr       12%        N/A       98%         6
 Fireball                 Conj/Fire      2%         3d4       100%        5
 Freezing Cloud           Conj/Ice/Air   2%         6-21      100%        5
 Lightning Bolt           Conj/Air       2%         1d14      100%        5
 Manifold Assault         Tloc           5%         N/A       100%        5
 Summon Forest            Summ/Tloc      2%         N/A       100%        5
 Conjure Ball Lightning   Conj/Air       2%         3x3d6     100%        6
 Dispersal                Tloc           2%         N/A       100%        6
 Starburst                Conj/Fire      2%         6d3       100%        6
 Summon Cactus Giant      Summ           2%         N/A       100%        6
 Dragon Form              Tmut           10%        N/A       100%        7
 Haunt                    Necr/Summ      12%        N/A       100%        7
 Malign Gateway           Summ/Tloc      2%         N/A       100%        7
 Monstrous Menagerie      Summ           2%         N/A       100%        7
 Orb of Destruction       Conj           2%         9d5       100%        7
 Ozocubu's Refrigeration  Ice            2%         4d5       100%        7
 Spellforged Servitor     Conj/Summ      2%         N/A       100%        7
 Storm Form               Tmut/Air       6%         N/A       100%        7
 Borgnjor's Revivificati  Necr           21%        N/A       100%        8
 Discord                  Hex            16%        N/A       100%        8
 Disjunction              Tloc           2%         N/A       100%        8
 Ignition                 Fire           2%         3d3       100%        8
 Infestation              Necr           21%        N/A       100%        8
 Lehudib's Crystal Spear  Conj/Erth      16%        10d5      100%        8
 Maxwell's Capacitive Co  Air            2%         ∞         100%        8
 Summon Horrible Things   Summ           2%         N/A       100%        8
 Death's Door             Necr           21%        N/A       100%        9
 Dragon's Call            Summ           2%         N/A       100%        9
 Polar Vortex             Ice            2%         N/A       100%        9
 Shatter                  Erth           28%        3d24*     100%        9
 Blink                    Tloc           Unusable   N/A       N/A         2
 Swiftness                Air            Unusable   N/A       N/A         3

Dungeon Overview and Level Annotations

Branches:
Dungeon (15/15)            Temple (1/1) D:5            Lair (6/6) D:9
 Shoals (4/4) Lair:3        Snake (4/4) Lair:2        Slime (5/5) Lair:6
    Orc (2/2) D:11            Elf (3/3) Orc:2        Vaults (5/5) D:14
  Crypt (3/3) Vaults:3       Tomb (0/3) Crypt:3      Depths (4/4) D:15
    Zot (5/5) Depths:4     Bailey (visited)         Volcano (visited)
 WizLab (visited)

Altars:
Cheibriados
Elyvilon
Hepliaklqana
Kikubaaqudgha
Okawaru
Qazlal
Sif Muna
Trog
Vehumet
Wu Jian
Xom
Beogh
Jiyva

Shops:
D:8 ?   Orc:1 (   Orc:2 (??:   Elf:1 :   Elf:3 *   Shoals:2 [   Snake:1 =
Vaults:1 [   Vaults:2 ?   Depths:1 ==:=   Depths:2 !*=

Portals:
Hell: Depths:1 Depths:2 Depths:3 Depths:4
Abyss: Depths:3 Depths:4
Pandemonium: Depths:1 Depths:2 Depths:3
Ziggurat: Depths:1

Annotations:
D:3 1 runed translucent door
D:8 exclusion: 2 doors
Shoals:3 exclusion: downstairs
Slime:5 corrupted
Elf:2 3 runed translucent doors, exclusion: 3 doors
Elf:3 exclusion: upstairs
Vaults:3 corrupted
Crypt:1 corrupted
Zot:2 exclusion: 4 doors
Zot:4 corrupted
Abyss:1 Erolcha


Innate Abilities, Weirdness & Mutations

You cannot be hasted, slowed, berserked, paralysed or teleported.
You can dig through walls and to a lower floor.
You have a pair of large antennae on your head. (SInv)
Your four strong arms can wield two-handed weapons with a shield.
You have sharp toenails.
You are clumsy. (Dex -2)
You are dopey. (Int -2)
You are extremely frail. (-30% HP)
Your magical capacity is low. (-10% MP)
You occasionally shout uncontrollably at your foes.
You are very weak. (Str -4)


Message History

You hit the Hell Sentinel but do no damage.
The Hell Sentinel is severely wounded.
The Hell Sentinel hits you!!
* * * LOW HITPOINT WARNING * * *
You block the Hell Sentinel's attack.
You feel much better. You block the Hell Sentinel's attack.
The Hell Sentinel hits you but does no damage.
Aiming: Corrosive Bolt
Press: ? - help, Shift-Dir - straight line, f/p - Hell Sentinel
Aim: a Hell Sentinel (severely wounded, 98% to hit)
The bolt of acid hits the Hell Sentinel!!
The Hell Sentinel is almost dead.
The Hell Sentinel gestures at you.
The sphere of damnation explodes!
The damnation engulfs you!!
* * * LOW HITPOINT WARNING * * *
The damnation engulfs the Hell Sentinel.
The Hell Sentinel completely resists.
You feel much better. The Hell Sentinel gestures at you.
The sphere of damnation explodes!
The damnation engulfs you!!
* * * LOW HITPOINT WARNING * * *
The damnation engulfs the Hell Sentinel.
The Hell Sentinel completely resists.
You feel much better. The Hell Sentinel hits you!!
* * * LOW HITPOINT WARNING * * *
You block the Hell Sentinel's attack.
Unknown command.
Okay, then.
Press: ? - help, Shift-Dir - straight line, f/p - Hell Sentinel
Aim: a Hell Sentinel (almost dead, infinite will)
Okay, then.
Aiming: Corrosive Bolt
Press: ? - help, Shift-Dir - straight line, f/p - Hell Sentinel
Aim: a Hell Sentinel (almost dead, 98% to hit)
The bolt of acid hits the Hell Sentinel.
The acid corrodes the Hell Sentinel!
The Hell Sentinel is almost dead.
The Hell Sentinel gestures at you. The iron shot hits you!!!
You die...

.#.#########..#.##.##.##∩#..#....
.#............#.#?.##'##....#..##
.###########..#.####...####[#..##
[.............#....'...'....#....
.....?....<..##'####...####'##.##
############.#..'[.#####[.').#.#
#.#?.###########.[#.#
#.####.........####.#
#((.1@..............#
#####################


You could see a Hell Sentinel (corroded).

Vanquished Creatures
  7 orbs of fire
  Mara (Crypt:3)
  Mennas (Depths:3)
  2 ancient liches
  Sojobo (Depths:3)
  Boris (twice) (Crypt:3 Depths:1)
  7 Killer Klowns
  Vashnia (Snake:2)
  Xtahua (Crypt:3)
  Jory (Vaults:3)
  11 golden dragons
  3 bone dragons (Crypt:3)
  A hellephant (Zot:2)
  4 electric golems
  24 tentacled monstrosities
  23 Orb Guardians (Zot:5)
  A walking crystal tome (Depths:2)
  A walking divine tome (Depths:3)
  5 titans
  2 deep elf master archers (Elf:3)
  9 acid blobs
  2 deep elf blademasters (Elf:3)
  5 quicksilver dragons
  10 ancient champions
  Polyphemus (Shoals:2)
  The ghost of Cimid the Impaler, an adept MfGl of the Shining One (Shoals:1)
  10 sphinxes
  Kirke (D:12)
  12 death cobs
  9 shadow dragons
  7 tengu reavers
  10 storm dragons
  4 nagarajas
  2 rockslimes
  A draconian monk (Zot:4)
  6 azure jellies
  The ghost of knot the Severer, an adept DsBe of Trog (Shoals:1)
  3 revenants
  7 fire giants
  4 ghost moths
  4 draconian scorchers
  4 draconian knights
  2 iron dragons (Depths:3)
  7 frost giants
  3 ghouls
  5 deep elf sorcerers
  5 draconian shifters
  3 curse skulls
  10 vault wardens
  Louise (D:15)
  5 draconian stormcallers
  3 quicksilver oozes
  A caustic shrike zombie (Crypt:3)
  20 very ugly things
  5 deep elf elementalists (Elf:3)
  5 draconian annihilators
  20 ironbound preservers
  3 spriggan defenders
  5 caustic shrike skeletons (Crypt:3)
  A juggernaut skeleton (Crypt:1)
  11 ironbound thunderhulks
  3 war gargoyles
  12 stone giants
  7 deep elf demonologists
  9 black draconians
  8 green draconians
  11 vampire knights
  7 deep elf annihilators
  12 red draconians
  10 dire elephants
  10 purple draconians
  8 spark wasps
  16 white draconians
  12 yellow draconians
  4 entropy weavers
  15 deep elf death magi
  7 fire dragons
  12 ettins
  A blizzard demon (Depths:3)
  5 crystal guardians
  An eidolon (Vaults:3)
  A fire dragon (shapeshifter) (Depths:2)
  11 merfolk impalers
  5 deep elf high priests
  15 yaktaur captains
  9 merfolk javelineers
  3 hell beasts
  2 jiangshi (Crypt:2)
  10 great orbs of eyes
  9 ice dragons
  2 salamander tyrants (Snake:4)
  2 rakshasas
  8 boulder beetles
  27 vault guards
  8 ironbound frosthearts
  18 naga warriors
  5 catoblepae
  12 centaur warriors
  Erica (D:11)
  3 spriggan skeletons
  3 ogre magi
  11 hydras
  4 merfolk aquamancers
  5 merfolk avatars
  6 peacekeepers
  The ghost of knot the Cleaver, a journeyman DsBe of Trog (D:11)
  7 spriggan air magi
  10 dancing weapons
  4 alligator snapping turtles
  6 deep troll shamans
  8 anacondas
  6 death knights
  7 two-headed ogres
  14 death yaks
  5 satyrs
  7 tengu warriors
  3 deep troll earth magi
  A titan zombie (Vaults:4)
  A hell hog (Depths:3)
  Urug (Lair:2)
  An orc high priest (Elf:1)
  7 vampire magi
  9 deep elf knights
  6 shock serpents
  10 spriggan berserkers
  2 soul eaters (Crypt:1)
  18 hell knights
  3 titan skeletons (Crypt:3)
  7 sun demons
  2 storm dragon skeletons (Crypt:3)
  68 deep trolls
  2 sixfirhies
  35 skeletal warriors
  17 naga sharpshooters
  A goliath frog (Lair:5)
  10 iron trolls
  4 salamander mystics (Snake:4)
  11 sea snakes
  A shadow wraith (Crypt:3)
  10 naga ritualists
  A death drake (D:13)
  5 flayed ghosts
  An obsidian statue (Zot:5)
  12 deep elf archers
  5 glowing orange brains
  2 bunyip skeletons (Crypt:3)
  A lindwurm (shapeshifter) (Vaults:5)
  16 ironbound convokers
  9 wizards
  7 necromancers
  An orb spider (Zot:3)
  A jorogumo zombie (Crypt:2)
  11 lindwurms
  20 phantasmal warriors
  20 harpies
  11 deep elf zephyrmancers
  2 orc knights
  9 orc sorcerers
  23 deep elf pyromancers
  31 ugly things
  9 manticores
  11 mana vipers
  11 fauns
  4 oklob plants (Lair:4)
  26 moths of wrath
  A shining eye (shapeshifter) (Vaults:5)
  2 cyclopes
  3 shining eyes
  10 salamanders
  An iron dragon skeleton (Crypt:1)
  19 vault sentinels
  A stone giant skeleton (Crypt:1)
  9 elephants
  25 black mambas
  6 centaur zombies
  7 merfolk sirens
  9 water nymphs
  3 rust devils (Depths:1)
  An eye of devastation (Slime:5)
  A naga skeleton (Crypt:3)
  A smoke demon (Depths:1)
  17 naga magi
  A gargoyle (D:12)
  A guardian serpent (shapeshifter) (Vaults:4)
  9 cane toads
  3 rime drakes
  3 centaur skeletons
  A dire elephant skeleton (Crypt:1)
  A molten gargoyle (Depths:1)
  A yaktaur zombie (Vaults:4)
  10 komodo dragons
  A kobold demonologist (D:13)
  A tengu conjurer (Depths:1)
  30 yaktaurs
  The ghost of riojii the Insei, a novice OpTm (D:6)
  A yellow draconian zombie (Crypt:3)
  A minotaur zombie (Crypt:2)
  A tormentor (Depths:2)
  5 freezing wraiths
  A hellwing (Depths:2)
  A white draconian skeleton (Crypt:3)
  A hydra zombie (Crypt:3)
  A red draconian skeleton (Crypt:3)
  2 trolls
  A harpy zombie (D:15)
  2 red devils
  A polar bear (Lair:5)
  A catoblepas skeleton (Crypt:2)
  A shadow dragon simulacrum (Vaults:4)
  A wind drake (shapeshifter) (D:14)
  24 merfolk
  9 hornets
  3 tyrant leeches
  17 wind drakes
  A fire dragon zombie (Crypt:1)
  9 snapping turtles
  Prince Ribbit (D:7)
  A tarantella (shapeshifter) (Elf:1)
  14 blink frogs
  5 harpy skeletons
  2 tarantellas
  A meliai zombie (D:11)
  An alligator zombie (Crypt:1)
  A dream sheep (shapeshifter) (Vaults:4)
  75 slime creatures
  A frost giant simulacrum (Vaults:4)
  2 ettin skeletons (Crypt:3)
  9 air elementals
  3 jumping spiders (Zot:3)
  3 vampires (Vaults:3)
  28 water elementals
  10 wyverns
  A ynoxinul (Depths:1)
  A tyrant leech zombie (Crypt:2)
  45 yaks
  8 spriggans
  2 fire elementals (Elf:1)
  A hog (D:12)
  15 wraiths
  A fire dragon skeleton (Crypt:3)
  A golden eye (shapeshifter) (Vaults:4)
  6 basilisks
  2 wind drake zombies
  A neqoxec (Depths:2)
  A black mamba skeleton (Crypt:3)
  A human (Zot:2)
  5 wargs
  2 steam dragons
  8 redbacks
  A swamp worm (shapeshifter) (Vaults:5)
  4 swamp worms (Lair:5)
  5 acid dragons
  An acid dragon (shapeshifter) (Vaults:5)
  40 nagas
  A water moccasin (shapeshifter) (Elf:2)
  A hydra simulacrum (Crypt:1)
  A two-headed ogre skeleton (Crypt:3)
  16 water moccasins
  3 hell hounds (Volcano)
  A cane toad skeleton (Crypt:2)
  30 orc warriors
  A sky beast (D:3)
  3 black bears
  13 wolves
  4 necrophages
  5 centaurs
  A human skeleton (Vaults:4)
  8 ogres
  A phantom (D:5)
  12 bullfrogs
  Blork the orc (D:6)
  6 scorpions
  3 gnoll sergeants
  A water moccasin zombie (D:6)
  A cyclops skeleton (Crypt:1)
  A warg zombie (Crypt:1)
  4 killer bees (D:8)
  20 wights
  A yak skeleton (Crypt:3)
  3 electric eels (D:15)
  2 bullfrog zombies
  The ghost of awesomeguy42 the Digger, a weakling GrEE (D:3)
  4 hounds
  A jelly (D:6)
  Crazy Yiuf (D:7)
  17 orc priests
  3 bullfrog skeletons
  2 iguanas
  35 orc wizards
  2 killer bee zombies
  A naga zombie (Crypt:2)
  An ogre zombie (Crypt:2)
  A deep dwarf skeleton (Crypt:3)
  Robin (D:2)
  A howler monkey zombie (D:5)
  15 gnolls
  A howler monkey skeleton (Crypt:1)
  A river rat (D:3)
  11 adders
  2 white imps
  An ufetubus (D:6)
  An iguana zombie (Crypt:2)
  A lava snake skeleton (Crypt:1)
  4 dart slugs
  101 orcs
  4 bats
  A bat zombie (Crypt:2)
  5 endoplasms
  A giant cockroach (D:1)
  23 goblins
  8 hobgoblins
  6 quokkas
  7 ball pythons
  2 frilled lizards (D:1)
  A goblin skeleton (Crypt:3)
  6 kobolds
  8 rats
2228 creatures vanquished.

Vanquished Creatures (collateral kills)
  A Killer Klown (Zot:5)
  Aizul (Snake:1)
  A hell knight (Depths:3)
  A necromancer (Depths:3)
4 creatures vanquished.

Vanquished Creatures (others)
  the Royal Jelly (Slime:5)
  5 acid blobs (Slime:5)
  A storm dragon (Zot:4)
  A draconian monk (Zot:4)
  7 rockslimes (Slime:5)
  7 azure jellies (Slime:5)
  A ghost moth (Zot:4)
  A draconian scorcher (Zot:4)
  A draconian annihilator (Zot:4)
  5 quicksilver oozes (Slime:5)
  2 green draconians (Zot:4)
  A spark wasp (Depths:3)
  A jiangshi (Vaults:3)
  2 great orbs of eyes (Slime:5)
  2 vampire magi
  A soul eater (Vaults:3)
  A deep elf zephyrmancer (Elf:1)
  3 slime creatures (Slime:5)
  A wraith (Vaults:3)
  2 humans (D:12)
  An orc warrior (Elf:1)
  2 orc wizards
  A tengu skeleton (Crypt:1)
  2 bushes (D:9)
  46 fungi
  187 plants
  27 starspawn tentacles
  4 tentacles (Shoals:3)
316 creatures vanquished.

Grand Total: 2548 creatures vanquished

Notes
Turn   | Place    | Note
-------+----------+-------------------------------------------
     0 | Abyss:1  | belegose the Formicid Abyssal Knight began the quest for
                  | the Orb.
     0 | Abyss:1  | Reached XP level 1. HP: 18/18 MP: 2/2
    28 | Abyss:1  | Noticed a chaos spawn
    35 | Abyss:1  | Noticed a small abomination
    47 | D:1      | Escaped the Abyss
   303 | D:1      | Reached XP level 2. HP: 21/24 MP: 3/3
   635 | D:1      | Reached * piety under Lugonu
   702 | D:1      | Reached XP level 3. HP: 23/29 MP: 3/5
   805 | D:1      | You fall into a shaft and drop 1 floor!
   827 | D:2      | Found a faded altar of an unknown god.
  1602 | D:2      | Reached XP level 4. HP: 32/37 MP: 6/6
  1689 | D:2      | Noticed Robin
  1730 | D:2      | Killed Robin
  1974 | D:2      | Reached ** piety under Lugonu
  2135 | D:2      | Found a white marble altar of Elyvilon.
  2537 | D:2      | Reached XP level 5. HP: 42/42 MP: 7/7
  2826 | D:3      | Found a runed translucent door.
  2832 | D:3      | Noticed awesomeguy42's ghost (weakling GrEE)
  2986 | D:3      | Found a stormy altar of Qazlal.
  2987 | D:3      | Found a shimmering blue altar of Sif Muna.
  3231 | D:3      | Identified the ring "Zuang" {Wiz rF+}
  3539 | D:3      | Found a runed translucent door.
  3667 | D:3      | Noticed a sky beast
  3691 | D:3      | Killed a sky beast
  3692 | D:3      | Reached XP level 6. HP: 24/49 MP: 3/9
  4842 | D:5      | Entered Level 5 of the Dungeon
  4873 | D:5      | Noticed an ogre
  4947 | D:5      | Noticed an orc warrior
  5321 | D:4      | Killed an orc warrior
  5322 | D:4      | Reached skill level 5 in Fighting
  5322 | D:4      | Reached XP level 7. HP: 53/56 MP: 10/10
  5394 | D:4      | Reached skill level 1 in Long Blades
  5446 | D:5      | Reached skill level 5 in Invocations
  5530 | D:5      | Reached *** piety under Lugonu
  5653 | D:5      | Reached XP level 8. HP: 62/63 MP: 9/12
  5705 | D:5      | Reached skill level 5 in Armour
  6237 | D:5      | Found a staircase to the Ecumenical Temple.
  6246 | Temple   | Entered the Ecumenical Temple
  6722 | D:6      | Reached XP level 9. HP: 58/71 MP: 11/13
  7169 | D:6      | Noticed Blork the orc
  7185 | D:6      | Killed Blork the orc
  7519 | D:6      | Reached skill level 1 in Dodging
  8013 | D:6      | Found a runed translucent gate.
  8013 | D:6      | Found a runed translucent gate.
  8013 | D:6      | Found a runed translucent gate.
  8014 | D:6      | Noticed riojii's ghost (novice OpTm)
  8181 | D:7      | Found a flagged portal.
  8230 | Bailey   | Entered a bailey
  8284 | Bailey   | Reached skill level 1 in Evocations
  8520 | Bailey   | Reached skill level 1 in Throwing
  8893 | Bailey   | Reached skill level 5 in Long Blades
  9027 | Bailey   | Noticed an orc knight
  9110 | Bailey   | Banished an orc knight
  9111 | Bailey   | Reached XP level 10. HP: 77/79 MP: 10/16
  9114 | Bailey   | Noticed an orc knight
  9118 | Bailey   | Banished an orc knight
  9120 | Bailey   | Noticed an orc knight
  9138 | Bailey   | Banished an orc knight
  9605 | Bailey   | Noticed an orc knight
  9613 | Bailey   | Banished an orc knight
  9760 | D:7      | Noticed Prince Ribbit
  9783 | D:7      | Killed Prince Ribbit
 10154 | D:7      | Found a runed translucent door.
 10155 | D:7      | Noticed Crazy Yiuf
 10683 | D:8      | Reached XP level 11. HP: 67/84 MP: 14/17
 11047 | D:8      | Reached skill level 5 in Evocations
 11730 | D:8      | Reached skill level 5 in Throwing
 12089 | D:8      | Found Aceg's Magic Scroll Emporium.
 12097 | D:8      | Bought a scroll of fog for 24 gold pieces
 12097 | D:8      | Bought a scroll of identify for 24 gold pieces
 12097 | D:8      | Bought a scroll of identify for 24 gold pieces
 12097 | D:8      | Bought a scroll of teleportation for 36 gold pieces
 12097 | D:8      | Bought a scroll of identify for 24 gold pieces
 12197 | D:8      | Reached **** piety under Lugonu
 12597 | D:9      | Noticed a two-headed ogre
 12601 | D:9      | Banished a two-headed ogre
 12659 | D:9      | Found a staircase to the Lair.
 13135 | D:9      | Reached skill level 10 in Invocations
 13180 | D:9      | Identified the ring "Umaek" {Ice Will+ rCorr Str-2 Stlth+}
 14455 | D:9      | Reached XP level 12. HP: 70/92 MP: 15/19
 14593 | D:10     | Entered Level 10 of the Dungeon
 16934 | D:11     | Identified the +9 whip of Bodghud {vorpal, Will+ Int+9}
 17088 | D:11     | Found a staircase to the Orcish Mines.
 17294 | D:11     | Noticed a tengu warrior
 17428 | D:11     | Noticed a six-headed hydra
 17907 | D:11     | Noticed a two-headed ogre
 17908 | D:11     | Noticed knot's ghost (journeyman DsBe)
 17909 | D:11     | Found a bloodstained altar of Trog.
 17912 | D:11     | Found a transporter.
 17915 | D:11     | Found a transporter.
 17980 | Orc:1    | Entered Level 1 of the Orcish Mines
 17980 | Orc:1    | Noticed Erica
 18399 | D:11     | Reached ***** piety under Lugonu
 18711 | D:11     | Killed Erica
 19062 | Orc:1    | Found Oruomedi's Weapon Shop.
 19222 | Orc:2    | Entered Level 2 of the Orcish Mines
 19323 | Orc:2    | Noticed an orc high priest
 19328 | Orc:2    | Noticed a sixfirhy
 19329 | Orc:2    | Noticed an orc warlord
 19427 | Orc:2    | Banished an orc high priest
 19510 | Orc:1    | Banished an orc warlord
 20189 | Orc:2    | Noticed a sun demon
 20282 | Orc:2    | Found a staircase to the Elven Halls.
 21050 | Orc:2    | Noticed an orc high priest
 21363 | Orc:2    | Banished an orc high priest
 21376 | Orc:1    | Reached XP level 13. HP: 93/101 MP: 8/21
 22014 | D:11     | Reached XP level 14. HP: 108/108 MP: 22/22
 23339 | Orc:2    | Found a radiant altar of Vehumet.
 23339 | Orc:2    | Noticed Erolcha
 23377 | Orc:2    | Banished Erolcha
 23694 | Orc:2    | Found Omuops's Magic Scroll Shop.
 24162 | Orc:2    | Bought a scroll of identify for 26 gold pieces
 24162 | Orc:2    | Bought a scroll of vulnerability for 97 gold pieces
 24162 | Orc:2    | Bought a scroll of amnesia for 45 gold pieces
 24172 | Orc:2    | Found an ancient bone altar of Kikubaaqudgha.
 24369 | Orc:2    | Found Zoit's Antique Weapon Boutique.
 24447 | Orc:2    | Found Zaqiaf's Book Shop.
 24454 | Orc:2    | Found Nyosoil's Magic Scroll Boutique.
 24748 | Orc:2    | Bought a scroll of acquirement for 676 gold pieces
 24748 | Orc:2    | Acquired a manual of Fighting
 24881 | Lair:1   | Entered Level 1 of the Lair of Beasts
 25279 | Lair:1   | Reached skill level 10 in Fighting
 26781 | Lair:2   | Found a dark tunnel.
 26790 | Volcano  | Entered a volcano
 27014 | Volcano  | Identified the +4 helmet "Hecear" {Dex+2}
 27461 | Lair:2   | Found a staircase to the Snake Pit.
 27873 | Lair:2   | Noticed Urug
 27876 | Lair:2   | Killed Urug
 27964 | Lair:2   | Reached skill level 10 in Armour
 28912 | Lair:3   | Reached skill level 5 in Dodging
 30139 | Lair:3   | Reached XP level 15. HP: 92/119 MP: 20/24
 31040 | Lair:3   | Reached skill level 10 in Long Blades
 31312 | Lair:3   | Found a staircase to the Shoals.
 31667 | Lair:4   | Found an ancient bone altar of Kikubaaqudgha.
 33768 | Lair:4   | Found the +8 longbow "Zephyr" {speed, Dex+3 SInv}
 34293 | D:3      | Killed awesomeguy42's ghost
 34605 | D:6      | Killed riojii's ghost
 35944 | Lair:4   | Reached skill level 1 in Bows
 38246 | Lair:6   | Entered Level 6 of the Lair of Beasts
 40438 | Lair:6   | Reached skill level 15 in Fighting
 40941 | Lair:6   | Found a staircase to the Slime Pits.
 40942 | Lair:6   | Found a viscous altar of Jiyva.
 40983 | Lair:6   | Reached skill level 5 in Bows
 41839 | Lair:5   | Reached XP level 16. HP: 98/137 MP: 18/25
 43386 | D:12     | Noticed Kirke
 43407 | D:12     | Killed Kirke
 45123 | D:13     | Noticed Nessos
 45125 | D:13     | Noticed Nessos
 45125 | D:13     | Nessos changed into Nessos the death drake
 45351 | D:13     | Killed Nessos the death drake
 46198 | D:14     | Found a white marble altar of Elyvilon.
 46322 | D:14     | Reached skill level 1 in Staves
 47655 | D:14     | Found a gate to the Vaults.
 47700 | D:15     | Entered Level 15 of the Dungeon
 48005 | D:15     | Found an ornate altar of the Wu Jian Council.
 48493 | D:15     | Noticed Louise
 48541 | D:15     | Killed Louise
 49379 | Snake:1  | Entered Level 1 of the Snake Pit
 49679 | Snake:1  | Reached skill level 1 in Shields
 49908 | Snake:1  | Reached skill level 2 in Shields
 49998 | Snake:1  | Found Quapparch's Jewellery Emporium.
 50463 | Snake:1  | Reached skill level 3 in Shields
 50668 | Snake:1  | Reached XP level 17. HP: 142/149 MP: 9/27
 50955 | Snake:2  | Reached skill level 4 in Shields
 51185 | Snake:2  | Noticed Aizul
 51200 | Snake:1  | Killed Aizul
 51839 | Snake:2  | Reached skill level 5 in Staves
 52317 | Snake:2  | Reached skill level 5 in Shields
 52661 | Snake:2  | Noticed Vashnia
 52664 | Snake:2  | Reached skill level 6 in Shields
 53473 | Snake:2  | Reached skill level 15 in Invocations
 53777 | Shoals:1 | Entered Level 1 of the Shoals
 53800 | Shoals:1 | Reached skill level 7 in Shields
 54399 | Shoals:1 | Cast into level 2 of the Abyss (merfolk impaler)
 54409 | Abyss:2  | Found a corrupted altar of Lugonu.
 54411 | Shoals:1 | Escaped the Abyss
 54927 | Shoals:1 | Reached skill level 8 in Shields
 55634 | Shoals:1 | Found a runed translucent gate.
 55634 | Shoals:1 | Found a runed translucent gate.
 55636 | Shoals:1 | Found a runed translucent gate.
 55637 | Shoals:1 | Noticed knot's ghost (adept DsBe)
 55638 | Shoals:1 | Noticed Cimid's ghost (adept MfGl)
 55768 | Shoals:1 | Identified the +6 flail "Weruuz" {spect, rN+ Will+ rCorr}
 55819 | Shoals:1 | Reached skill level 9 in Shields
 56429 | Shoals:2 | Reached XP level 18. HP: 156/156 MP: 29/29
 56792 | Shoals:2 | Found Uminea's Armour Emporium.
 57309 | Shoals:3 | HP: 5/156 [poisoned by a merfolk impaler]
 57313 | Shoals:3 | Reached skill level 10 in Shields
 58909 | Shoals:3 | Noticed Polyphemus
 59494 | Shoals:2 | Killed Polyphemus
 59495 | Shoals:2 | Reached skill level 11 in Shields
 59881 | Shoals:3 | Noticed a kraken
 59892 | Shoals:3 | Banished a kraken
 59893 | Shoals:3 | Reached skill level 10 in Staves
 60086 | Shoals:4 | Entered Level 4 of the Shoals
 60330 | Shoals:4 | Found a snail-covered altar of Cheibriados.
 60470 | Shoals:4 | Found a stormy altar of Qazlal.
 60913 | Shoals:4 | Reached skill level 12 in Shields
 61338 | Shoals:4 | Identified the +1 scale mail of Tenacity {+Inv rF++ rCorr
                  | Slay-3}
 62272 | Shoals:4 | Reached skill level 13 in Shields
 62673 | Shoals:4 | Reached XP level 19. HP: 163/163 MP: 30/30
 63395 | Shoals:4 | Noticed a titan
 63584 | Shoals:4 | Killed a titan
 63924 | Shoals:4 | Got a barnacled rune of Zot
 64594 | Snake:2  | Reached skill level 14 in Shields
 65265 | Snake:2  | Killed Vashnia
 66018 | Snake:3  | Reached ****** piety under Lugonu
 67335 | Snake:4  | Entered Level 4 of the Snake Pit
 68120 | Snake:4  | Reached skill level 15 in Shields
 70356 | Snake:4  | Reached skill level 16 in Shields
 70626 | Snake:4  | Reached XP level 20. HP: 111/170 MP: 16/31
 70904 | Snake:4  | Got a serpentine rune of Zot
 71392 | D:15     | Found a staircase to the Depths.
 71400 | D:15     | Upgraded the game from 0.28-a0-1613-gdaab1c2f9b to
                  | 0.28-a0-1616-g050a50673c
 71479 | Vaults:1 | Entered Level 1 of the Vaults
 71804 | Vaults:1 | Found Mysackof's Antique Armour Shop.
 72693 | Vaults:1 | Identified the ring "Wuenit" {rElec AC+4 Int+2 SInv}
 72943 | D:14     | Reached skill level 1 in Slings
 74280 | Vaults:2 | Reached skill level 5 in Slings
 74963 | Vaults:2 | Found Qurupn's Magic Scroll Shop.
 75530 | Vaults:2 | Reached XP level 21. HP: 151/180 MP: 29/33
 76076 | Vaults:2 | Reached skill level 10 in Slings
 77475 | Vaults:3 | Noticed Jory
 77498 | Vaults:3 | Killed Jory
 78024 | Vaults:3 | Found a staircase to the Crypt.
 80621 | Vaults:3 | Reached XP level 22. HP: 130/182 MP: 22/34
 82079 | Vaults:4 | Noticed a golden dragon
 84916 | Elf:1    | Entered Level 1 of the Elven Halls
 85067 | Elf:1    | Found Ybeutocs's Book Emporium.
 85224 | Elf:1    | Found a flickering gateway to a bazaar.
 85241 | Bazaar   | Entered a bazaar
 85246 | Bazaar   | Found Hemmar's Book Shop.
 85259 | Bazaar   | Found Ownibus's Book Shop.
 85951 | Elf:1    | Got Mara's Handbook of Summoning
 86890 | Elf:2    | Reached XP level 23. HP: 179/202 MP: 30/35
 87602 | Elf:3    | Entered Level 3 of the Elven Halls
 87784 | Elf:2    | Found a runed translucent gate.
 87787 | Elf:2    | Found a runed translucent gate.
 87787 | Elf:2    | Found a runed translucent gate.
 88616 | Elf:3    | Found Gyifo's General Store.
 88650 | Elf:3    | Bought a +2 pair of gloves of hurling for 215 gold pieces
 89810 | Elf:3    | Identified the +0 chain mail "Gostrus" {rPois rF+ rC-
                  | Slay+3}
 90067 | Elf:3    | Identified the +6 quarterstaff "Killer Klown's Doom"
                  | {freeze, Dex+7 Stlth-}
 90137 | Elf:3    | Identified the +8 great sword "Osustri" {protect, Fly Str+3
                  | Stlth+}
 90137 | Elf:3    | Identified the amulet of Ysuddic {RegenMP rC+ rN++ Regen+
                  | Dex-5}
 90819 | Elf:3    | Identified the +8 quarterstaff "Transmigrator" {pain, Will+
                  | Str+5}
 91675 | Elf:3    | Identified the +2 leather armour of Distant Worlds {rElec
                  | rC+ rN++ Dex-5}
 92065 | Elf:3    | Got the Reference Book on Conjuration
 92081 | Elf:3    | Identified the +11 shortbow "Zioj" {flame, rF+ rN+ Str+2}
 92491 | Crypt:1  | Entered Level 1 of the Crypt
 92492 | Crypt:1  | Corrupted Crypt:1
 92647 | Vaults:3 | Corrupted Vaults:3
 92662 | Vaults:3 | Reached skill level 17 in Shields
 92843 | Vaults:3 | Reached skill level 1 in Polearms
 95919 | Crypt:3  | Entered Level 3 of the Crypt
 95919 | Crypt:3  | Found a staircase to the Tomb.
 95940 | Crypt:2  | Reached XP level 24. HP: 207/212 MP: 36/36
 95955 | Crypt:2  | Reached skill level 5 in Polearms
 96176 | Crypt:2  | Identified the ring "Sixurall" {+Blink Fly rC- AC+4 Stlth+}
 96292 | Crypt:2  | Reached skill level 18 in Shields
 96677 | Crypt:3  | Noticed Mara
 96689 | Crypt:3  | Noticed belegose's illusion
 96811 | Crypt:3  | Noticed belegose's illusion
 96922 | Crypt:3  | Killed Mara
 97155 | Crypt:3  | Noticed Xtahua
 97162 | Crypt:3  | Killed Xtahua
 97569 | Crypt:3  | Noticed Boris
 97607 | Crypt:3  | Killed Boris
 98450 | Crypt:3  | Got the Guide on Dark Secrets
 98659 | Crypt:3  | Reached skill level 19 in Shields
 98761 | Crypt:3  | Identified the +5 ring mail of Lethargy {Regen+ Int+4
                  | Slay+3}
 98819 | Crypt:3  | Noticed an ancient lich
 98829 | Crypt:3  | Killed an ancient lich
 98884 | Crypt:3  | Identified the ring of Isullus {Contam rF+ rN+ Str+2}
 99228 | Depths:1 | Entered Level 1 of the Depths
 99483 | Depths:1 | Noticed Boris
 99498 | Depths:1 | Killed Boris
 99546 | Depths:1 | Reached skill level 20 in Shields
 99657 | Depths:1 | Found a one-way gate leading to the halls of Pandemonium.
 99873 | Depths:1 | Found a gateway to Hell.
 99985 | Depths:1 | Noticed an ancient lich
 99992 | Depths:1 | Found a one-way gateway to a ziggurat.
100071 | Depths:1 | Killed an ancient lich
100072 | Depths:1 | Reached skill level 21 in Shields
100113 | Depths:1 | Reached XP level 25. HP: 221/221 MP: 36/36
100197 | Depths:1 | Found Fioryita's Jewellery Shoppe.
100577 | Depths:1 | Found Quffiuni's Book Shoppe.
100577 | Depths:1 | Found Penurghi's Jewellery Boutique.
100579 | Depths:1 | Found Cetourit's Jewellery Boutique.
100614 | Depths:1 | Reached skill level 22 in Shields
100771 | Depths:1 | Identified the +9 triple sword "Deadwy" {vorpal, rN+ rCorr
                  | Dex-5}
100964 | Depths:2 | Found Idutu's Distillery.
100964 | Depths:2 | Found Pucug's General Store.
100967 | Depths:2 | Found Qoonyatu's Jewellery Emporium.
101138 | Depths:2 | Reached skill level 23 in Shields
101293 | Depths:2 | Identified the +10 long sword "Suceupou" {vorpal, rPois
                  | Stlth+}
101916 | Depths:2 | Reached skill level 24 in Shields
102446 | Depths:3 | Noticed Mennas
102723 | Depths:3 | Found a shimmering altar of Xom.
102749 | Depths:3 | Found a bloodstained altar of Trog.
102749 | Depths:3 | Found a sacrificial altar of Ru.
102751 | Depths:3 | Found a bloodstained altar of Trog.
102751 | Depths:3 | Found an iron altar of Okawaru.
102751 | Depths:3 | Found a hazy altar of Hepliaklqana.
103472 | Depths:2 | Reached skill level 25 in Shields
103627 | Depths:2 | Found Qoonyatu's Jewellery Emporium.
103631 | Depths:2 | Found Pucug's General Store.
103633 | Depths:2 | Found Idutu's Distillery.
104431 | Depths:3 | Found a one-way gate to the infinite horrors of the Abyss.
104464 | Depths:3 | Killed Mennas
104986 | Depths:3 | Noticed Sojobo
105046 | Depths:3 | Killed Sojobo
105200 | Depths:3 | Reached skill level 10 in Dodging
106323 | Depths:3 | Reached XP level 26. HP: 229/229 MP: 36/36
106618 | Depths:3 | Identified the +1 pair of boots "Oquheula" {Int+2}
107022 | Depths:4 | Entered Level 4 of the Depths
107276 | Depths:4 | Found a magical portal.
107285 | WizLab   | Entered The Roulette of Golubria
107285 | WizLab   | Found a transporter.
108361 | Depths:4 | Identified the +3 great mace "Koshrimij" {vorpal, Contam
                  | Str+5}
108814 | Depths:4 | Found a gate to the Realm of Zot.
109082 | Depths:4 | Upgraded the game from 0.28-a0-1616-g050a50673c to
                  | 0.28-a0-1624-g820543e53a
109416 | Vaults:5 | Entered Level 5 of the Vaults
109482 | Vaults:4 | Reached skill level 15 in Armour
109930 | Elf:3    | Bought a condenser vane for 400 gold pieces
112522 | Vaults:5 | Identified the +4 great sword "Uzxaem" {freeze, Fragile
                  | +Blink rCorr SInv}
112551 | Vaults:5 | Reached XP level 27. HP: 225/236 MP: 36/36
113193 | Vaults:5 | Identified the amulet "Xeti" {Faith rF+ SInv}
113365 | Vaults:5 | Identified the +3 helmet of Ypsitad {Will+}
113477 | Vaults:5 | Got a silver rune of Zot
113988 | D:7      | Killed Crazy Yiuf
114126 | D:11     | Killed knot's ghost
114357 | Shoals:1 | Killed Cimid's ghost
114364 | Shoals:1 | Killed knot's ghost
114395 | Shoals:1 | Learned a level 5 spell: Borgnjor's Vile Clutch
114397 | Shoals:1 | Learned a level 1 spell: Animate Skeleton
114401 | Shoals:1 | Learned a level 3 spell: Vampiric Draining
114406 | Shoals:1 | Learned a level 4 spell: Dispel Undead
114409 | Shoals:1 | Learned a level 2 spell: Passwall
114415 | Shoals:1 | Learned a level 5 spell: Lee's Rapid Deconstruction
114671 | Depths:2 | Bought a potion of curing for 42 gold pieces
114671 | Depths:2 | Bought a potion of heal wounds for 70 gold pieces
114671 | Depths:2 | Bought a potion of curing for 42 gold pieces
114671 | Depths:2 | Bought a potion of heal wounds for 70 gold pieces
114671 | Depths:2 | Bought a potion of might for 56 gold pieces
114972 | Slime:1  | Entered Level 1 of the Pits of Slime
115045 | Lair:6   | Reached skill level 1 in Spellcasting
115045 | Lair:6   | Reached skill level 1 in Necromancy
115045 | Lair:6   | Reached skill level 1 in Earth Magic
115442 | Slime:3  | Gained mutation: Your spells are a little easier to cast,
                  | but a little less powerful. [a shining eye]
115443 | Slime:3  | Gained mutation: You sometimes lose the ability to read
                  | scrolls when taking damage. [a shining eye]
115624 | Slime:4  | Gained mutation: Your spells are easier to cast, but less
                  | powerful. [a shining eye]
115649 | Slime:4  | Gained mutation: You are frail. (-10% HP) [a shining eye]
115767 | Slime:5  | Entered Level 5 of the Pits of Slime
116297 | Slime:5  | Noticed the Royal Jelly
116298 | Slime:5  | Corrupted Slime:5
116306 | Slime:5  | Noticed a dread lich
116315 | Slime:5  | Killed the Royal Jelly
116426 | Slime:5  | Found the +13 scythe of Curses {drain, Drain}
116426 | Slime:5  | Found the +7 captain's cutlass {speed, disarm}
116466 | Slime:5  | Got a slimy rune of Zot
116477 | Slime:5  | Identified the +1 robe "Xotruyt" {*Corrode rElec rN+++
                  | Dex-4}
116492 | Slime:5  | Reached skill level 5 in Earth Magic
116551 | Slime:5  | Identified the quicksilver dragon scales "Ximuf" {+Inv
                  | rElec Will+ Int+4}
116558 | Slime:5  | Identified the +8 trident of Teiph {vorpal, Will- Str+4
                  | SInv Stlth+}
116579 | Slime:5  | Acquired a manual of Earth Magic
116597 | Slime:5  | Identified the +3 flail of Nightmares {protect, *Rage rPois
                  | Will+}
116614 | Slime:5  | Identified the amulet of Laick {Faith Int+5}
116797 | D:9      | Lost mutation: Your spells are easier to cast, but less
                  | powerful. [potion of mutation]
116797 | D:9      | Lost mutation: You are frail. (-10% HP) [potion of
                  | mutation]
116797 | D:9      | Lost mutation: You sometimes lose the ability to read
                  | scrolls when taking damage. [potion of mutation]
116797 | D:9      | Gained mutation: You occasionally shout uncontrollably at
                  | your foes. [potion of mutation]
116797 | D:9      | Lost mutation: Your spells are a little easier to cast, but
                  | a little less powerful. [potion of mutation]
117216 | Zot:1    | Entered Level 1 of the Realm of Zot
117230 | Zot:1    | Reached skill level 1 in Transmutations
117424 | Depths:2 | Bought the ring of the Establishment {Contam rC+ rN+ Will+}
                  | for 676 gold pieces
117803 | Zot:1    | Identified the +2 hand axe "Ullidott" {flame, rN+ Will+
                  | Str+3}
118192 | Zot:1    | Reached skill level 5 in Necromancy
118464 | Zot:1    | Found the +5 scythe "Finisher" {speed, eviscerate}
118655 | Zot:1    | You fall into a shaft and drop 1 floor!
119131 | Zot:2    | Noticed a Killer Klown
119155 | Zot:2    | Killed a Killer Klown
119217 | Zot:2    | Reached skill level 5 in Transmutations
119304 | Zot:2    | Reached skill level 10 in Earth Magic
119324 | Zot:2    | Got the Compendium of Ignition and Stolen Souls
119809 | Zot:3    | Learned a level 4 spell: Animate Dead
119825 | Zot:3    | Noticed an orb of fire
119900 | Zot:2    | Learned a level 3 spell: Tukima's Dance
119930 | Zot:2    | Reached skill level 1 in Hexes
120287 | Zot:3    | Noticed an orb of fire
120295 | Zot:3    | Gained mutation: You are weak. (Str -2) [an orb of fire]
120308 | Zot:3    | Killed an orb of fire
120874 | Zot:3    | Reached skill level 5 in Hexes
121048 | Zot:3    | Killed an orb of fire
121285 | Depths:1 | Bought the Incunabulum of Doomed Stones for 736 gold pieces
121285 | Depths:1 | Bought a manual of Shields for 1280 gold pieces
121494 | Zot:3    | Noticed an orb of fire
121510 | Zot:3    | Gained mutation: You are very weak. (Str -4) [an orb of
                  | fire]
121511 | Zot:3    | Gained mutation: You are frail. (-10% HP) [an orb of fire]
121514 | Zot:3    | Killed an orb of fire
122035 | Zot:5    | Entered Level 5 of the Realm of Zot
122151 | Zot:3    | Reached skill level 5 in Spellcasting
122645 | Zot:4    | Reached skill level 15 in Earth Magic
123133 | Zot:4    | Corrupted Zot:4
123347 | Zot:4    | Identified the +0 chain mail of Absence {rElec Int+4}
123665 | Zot:5    | Reached skill level 10 in Necromancy
124255 | Zot:5    | Reached skill level 26 in Shields
124980 | Zot:5    | Noticed a Killer Klown
125012 | Zot:5    | Killed a Killer Klown
125134 | Zot:5    | Noticed a Killer Klown
125135 | Zot:5    | Noticed a Killer Klown
125165 | Zot:5    | Killed a Killer Klown
125197 | Zot:5    | Killed a Killer Klown
125265 | Zot:5    | Noticed a Killer Klown
125297 | Zot:5    | Killed a Killer Klown
125609 | Zot:5    | Noticed a Killer Klown
125639 | Zot:5    | Killed a Killer Klown
125834 | Zot:5    | Reached skill level 27 in Shields
125917 | Zot:5    | Noticed an orb of fire
125929 | Zot:5    | Killed an orb of fire
126159 | Zot:5    | Noticed a Killer Klown
126166 | Zot:5    | Noticed an orb of fire
126169 | Zot:5    | Gained mutation: You have sharp toenails. [an orb of fire]
126171 | Zot:5    | Killed a Killer Klown
126182 | Zot:5    | Noticed an orb of fire
126185 | Zot:5    | Gained mutation: You are clumsy. (Dex -2) [an orb of fire]
126186 | Zot:5    | Gained mutation: You are very frail. (-20% HP) [an orb of
                  | fire]
126187 | Zot:5    | Killed an orb of fire
126189 | Zot:5    | Gained mutation: Your magical capacity is low. (-10% MP)
                  | [an orb of fire]
126198 | Zot:5    | Noticed a Killer Klown
126201 | Zot:5    | Noticed an orb of fire
126202 | Zot:5    | Killed an orb of fire
126207 | Zot:5    | Gained mutation: You are dopey. (Int -2) [an orb of fire]
126219 | Zot:5    | Gained mutation: You are extremely frail. (-30% HP) [an orb
                  | of fire]
126228 | Zot:5    | Killed an orb of fire
126237 | Zot:5    | Killed a Killer Klown
126339 | Zot:5    | Got the Orb of Zot
126662 | Depths:1 | Killed from afar by a Hell Sentinel

Illustrated notes

Levels and vault maps discovered:
D:1:      ncdulo_lavacross, layout_rooms, serial_curves, eino_curves_01,
          eino_curves_03
D:2:      layout_loops_corners, basic_altar,
          shapermc_ecumenical_altar_starsandcircs, uniq_robin
D:3:      layout_rooms, nicolae_overflow_squiral, ebering_ghost_sewer_f,
          nrook_uturn, minmay_cut_off
D:4:      layout_loops_ring, minmay_misc_feat_alley, minmay_quantized
D:5:      layout_rooms, minmay_temple_entry_enclosed_plants,
          ebering_dispersal_statue_hall, grunt_decor_junction,
          grunt_ministairs_9
D:6:      layout_basic, ebering_ghost_rock_garden, uniq_blork_the_orc
D:7:      layout_rooms, enter_bailey_5, serial_glass, glass_columns_b,
          glass_columns_b, uniq_prince_ribbit1, uniq_crazy_yiuf_cottage
D:8:      layout_gridville, serial_shops, nicolae_shop_trees,
          minmay_quadrilaterals
D:9:      layout_basic, minmay_lair_entry_grove
D:10:     layout_small_grid, item_on_display_a
D:11:     layout_roguey, erik_orc_4, gammafunk_ghost_wrathful_warriors
D:12:     layout_rooms, uniq_kirke
D:13:     layout_cave_pools, uniq_nessos
D:14:     layout_loops_ring, david_vaults_4, kennysheep_big_empty_room,
          elyvilon_altar_5
D:15:     grunt_enter_depths_magical_seal, layout_irregular_city,
          nzn_wu_jian_contemplation, serial_bayou, serial_bayou_shore_a,
          serial_bayou_crossing, serial_bayou_ford_a, serial_bayou_lagoon_b,
          uniq_louise
Temple:   mainiacjoe_temple_big_plus
Lair:1:   layout_regular_city, st_stairs_5, wad_woods_03
Lair:2:   layout_long_grid, guppyfry_snake_entry_garden,
          lightli_volcano_entry_magma_tube, infiniplex_staircase_pool, uniq_urug
Lair:3:   layout_cave_pods, minmay_shoals_entry_beasts, grunt_megastairs_3
Lair:4:   minmay_lair_oklob_tunnel, layout_regular_city, basic_altar,
          lemuel_fruit_fields, serial_bayou_shore_b
Lair:5:   onia_ninara_swampy_vault, layout_gridlike,
          grunt_forest_stairs_clearing
Lair:6:   grunt_lair_end_beastmaster, layout_regular_city, slime_altar_1
Shoals:1: layout_shoals, gammafunk_ghost_cemetery
Shoals:2: layout_shoals, serial_shops, nicolae_take_the_stairs,
          nicolae_shoals_lost_giant_amphitheater
Shoals:3: layout_shoals, uniq_polyphemus
Shoals:4: shoals_end_hellmonk_storm_palace [storm_palace_center_circular,
          storm_palace_corner_blocked, storm_palace_corner_altar,
          storm_palace_corner_altar, storm_palace_corner_narrow]
Snake:1:  layout_honeycomb, serial_shops, nicolae_shop_stone
Snake:2:  nicolae_snake_hallway, layout_misc_corridors, grunt_megastairs_1,
          uniq_vashnia, uniq_aizul
Snake:3:  layout_chambers
Snake:4:  snake_pit, layout_gridlike, corexii_hall_statues_x
Slime:1:  layout_caves
Slime:2:  layout_caves
Slime:3:  layout_caves, basic_altar
Slime:4:  layout_caves, cheibrodos_slime_lost_civilization_6
Slime:5
Orc:1:    layout_diamond_mine, serial_shops, nicolae_shop_behind_doors,
          nicolae_orc_lost_temple, uniq_erica
Orc:2:    kennysheep_orc_mage_school, layout_caves, bh_open_orc_temple
Elf:1:    eino_elf_arrival_sip, layout_gridlike, serial_shops,
          bzr_entry_customers, shop_statue, minmay_elf_demonology
Elf:2:    nicolae_elf_blades_splatter_lattice [nicolae_blade_tridents],
          layout_rooms
Elf:3:    elf_hall, layout_onion_city, serial_shops, shop
Vaults:1: v_misc_30, grunt_vaults_bifocal, ontoclasm_vaults_eye, v_misc_12,
          vaults_room_fours, v_misc_29, nicolae_vaults_little_squares_3,
          nicolae_vaults_network_barrier, nicolae_vaults_shelves_hall,
          nicolae_vaults_theta, layout_vaults_big_room, serial_shops,
          nicolae_shop_crystal
Vaults:2: dpeg_vaults_monster_box, vaults_room_semicircle, v_misc_33,
          ontoclasm_vaults_fault, hangedman_vaults_trim, grunt_vaults_twisty,
          v_misc_3, v_rooms_1, layout_vaults_ring, serial_shops, shop
Vaults:3: v_misc_12, minmay_crypt_entry_vampire_xt,
          nicolae_vaults_windows_and_doors_thing, v_rooms_4, v_misc_8,
          nicolae_vaults_little_squares_6, ontoclasm_vaults_bender, v_misc_33,
          nicolae_vaults_shelves_hall, nicolae_vaults_stairing_the_circle,
          hangedman_vaults_trim, nicolae_vaults_big_angled_halls,
          ontoclasm_vaults_gallery, layout_vaults_omnibox, uniq_jory
Vaults:4: hangedman_vaults_variations, hangedman_vaults_corner,
          nicolae_vaults_specimen_jars, ontoclasm_vaults_loading_screen,
          v_rooms_3, vaults_mumra_hex, v_misc_4, hangedman_vaults_maws,
          nicolae_vaults_little_squares_5, nicolae_vaults_little_squares_3,
          vaults_room_octagon, nicolae_vaults_little_squares_5,
          vaults_dpeg_diagonal, layout_vaults_omnicross
Vaults:5: serial_shops
Crypt:1:  layout_catacombs, evilmike_ambush [evilmike_ambush_outer_pillars,
          evilmike_ambush_inner_basic]
Crypt:2:  layout_misc_corridors, minivault_11
Crypt:3:  due_elkab, layout_chaotic_city, st_stairs_6, uniq_mara, uniq_boris,
          uniq_xtahua
Depths:1: layout_basic, enter_ziggurat_d, grunt_hell_entry_dis_old,
          grunt_pan_entry_spiral, serial_shops, kennysheep_mini_moat,
          kennysheep_small_spiral, kennysheep_two_boxes, minmay_shop_grove
Depths:2: kennysheep_funnel, layout_honeycomb, infiniplex_staircase_x,
          rand_demon_pan_entry_7, hell_entry, serial_bayou_shore_b,
          minmay_shop_star
Depths:3: grunt_deathspiral_large, layout_cave_pools, grunt_mini_vestibule,
          doesnt_xom_only_xom, pan_entry, abyss_entry,
          minmay_staircase_windowed_small, uniq_mennas, uniq_sojobo
Depths:4: grunt_bruiser_brothers, layout_cave_pools, mu_enter_wizlab_6,
          hell_entry, abyss_entry, hellmonk_bongcloud_opening,
          serial_bayou_shore_b
Zot:1:    layout_concentric_octagons, st_single_dragon_hoard_2,
          hangedman_zot_decor_slant
Zot:2:    circus_mu, layout_twisted_circle
Zot:3:    layout_misc_corridors, hangedman_spider_trapstep
Zot:4:    layout_onion_interference, st_stairs_5, hangedman_zot_gyre,
          grunt_megastairs_4
Zot:5:    layout_basic

Skill      XL: |  1  2  3  4  5  6  7  8  9 10 11 12 13 14 15 16 17 18 19 20 21 22 23 24 25 26 27 |
---------------+----------------------------------------------------------------------------------+-----
Invocations    | 3 4 5 6 8 9 10 11 12 13 14 15 16 17 18 | 18.0
Armour         | 3 4 6 7 8 10 12 13 16 17 | 17.5
Fighting       | 4 5 6 7 8 9 11 15 17 19 21 22 23 | 23.9
Maces & Flails | 3 4 |  4.1
Long Blades    | 2 3 5 6 7 8 9 10 | 10.3
Dodging        | 2 4 5 6 8 9 10 13 14 | 14.3
Evocations     | 3 4 6 7 11 12 | 12.0
Throwing       | 2 4 6 7 8 9 |  9.3
Bows           | 5 7 8 9 |  9.0
Staves         | 4 8 11 13 | 13.7
Shields        | 3 9 13 16 17 21 25 27 | 27.0
Slings         | 8 12 14 | 14.2
Polearms       | 4 8 |  8.1
Spellcasting   | 6 |  6.5
Necromancy     | 12 | 12.0
Earth Magic    | 17 | 17.4
Transmutations | 5 |  5.0
Hexes          | 8 |  8.6

Action                   |  1- 3 |  4- 6 |  7- 9 | 10-12 | 13-15 | 16-18 | 19-21 | 22-24 | 25-27 || total
-------------------------+-------+-------+-------+-------+-------+-------+-------+-------+-------++-------
Melee: Mace              |    89 |   126 |       |       |       |       |       |       |       ||   215
       Punch             |     1 |       |     2 |    10 |    23 |     5 |       |       |       ||    41
       Falchion          |       |    63 |       |       |       |       |       |       |       ||    63
       Scimitar          |       |       |   200 |   514 |   874 |   134 |       |       |       ||  1722
       Whip              |       |       |       |   162 |   183 |       |       |       |       ||   345
       Great sword       |       |       |       |       |     8 |       |       |       |       ||     8
       Lajatang          |       |       |       |       |       |   588 |   885 |  1187 |  1729 ||  4389
       Lance             |       |       |       |       |       |       |       |   123 |   730 ||   853
       Flail             |       |       |       |       |       |       |       |    48 |       ||    48
 Fire: Longbow           |       |       |       |       |   129 |   462 |   310 |    72 |    99 ||  1072
Throw: Boomerang         |       |     5 |     9 |     4 |    38 |       |       |     4 |   112 ||   172
       Dart              |       |       |       |       |    15 |     3 |       |       |       ||    18
       Javelin           |       |       |       |       |       |       |     5 |       |    11 ||    16
 Cast: Borgnjor's Vile C |       |       |       |       |       |       |       |       |    19 ||    19
       Lee's Rapid Decon |       |       |       |       |       |       |       |       |     4 ||     4
       Animate Skeleton  |       |       |       |       |       |       |       |       |     1 ||     1
Invok: Depart the Abyss  |     1 |       |       |       |       |     1 |       |       |       ||     2
       Bend Space        |       |     1 |       |       |     2 |     2 |       |       |     4 ||     9
       Banish            |       |       |     1 |    16 |    10 |     9 |     2 |     1 |     1 ||    40
       Corrupt           |       |       |       |       |       |       |       |     2 |     2 ||     4
 Abil: Dig               |       |     1 |     1 |       |     4 |     1 |     1 |     2 |    10 ||    20
Evoke: Wand              |       |     4 |     4 |     4 |    15 |    16 |     4 |    13 |    26 ||    86
       Lightning rod     |       |       |       |       |       |     2 |     3 |       |     3 ||     8
       Phial of floods   |       |       |       |       |       |       |     1 |       |     1 ||     2
       Phantom mirror    |       |       |       |       |       |       |       |       |     2 ||     2
       Box of beasts     |       |       |       |       |       |       |       |       |     3 ||     3
       Tin of tremorston |       |       |       |       |       |       |       |       |     1 ||     1
       Condenser vane    |       |       |       |       |       |       |       |       |     1 ||     1
  Use: Scroll            |       |       |     3 |     9 |     8 |    10 |       |     1 |    20 ||    51
       Potion            |       |       |       |     1 |     2 |     6 |     1 |     4 |    18 ||    32
 Stab: Sleeping          |     1 |       |       |       |     1 |       |       |       |       ||     2
       Paralysed         |       |       |       |       |     6 |       |       |       |     1 ||     7
       Distracted        |       |       |       |       |       |     7 |    12 |    17 |    26 ||    62
       Invisible         |       |       |       |       |       |     1 |       |       |       ||     1
       Confused          |       |       |       |       |       |       |       |       |     3 ||     3
Armor: Leather armour    |    39 |    59 |    58 |     1 |       |       |       |       |       ||   157
       Chain mail        |       |       |     3 |   120 |   112 |       |       |       |       ||   235
       Plate armour      |       |       |       |   292 |       |       |       |   233 |       ||   525
       Scale mail        |       |       |       |       |   269 |   314 |   299 |   148 |       ||  1030
       Ring mail         |       |       |       |       |    36 |       |       |       |       ||    36
       Skin              |       |       |       |       |       |       |       |    35 |       ||    35
       Fire dragon scale |       |       |       |       |       |       |       |    87 |   722 ||   809
       Gold dragon scale |       |       |       |       |       |       |       |       |     9 ||     9
Dodge: Dodged            |    52 |   107 |   132 |   333 |   479 |   327 |   237 |   260 |   479 ||  2406
Block: Tower shield      |       |       |       |       |       |   108 |       |   640 |  1820 ||  2568
       Kite shield       |       |       |       |       |       |   272 |   588 |   281 |       ||  1141

Table legend: (Time is in decaauts)
 A = Elapsed time spent in this place.
 B = Non-inter-level travel time spent in this place.
 C = Inter-level travel time spent in this place.
 D = Time resting spent in this place.
 E = Time spent auto-exploring this place.
 F = Levels seen in this place.
 G = Mean time per level.
                   A        B        C        D        E       F      G
               +--------+--------+--------+--------+--------+-----+--------+
         Total | 125970 | 114099 |  11871 |  44778 |  26414 |  63 | 1999.5 |
       Dungeon |  27805 |  24001 |   3804 |   7596 |  10828 |  15 | 1853.7 |
        Temple |      4 |      4 |      0 |      0 |      0 |   1 |    4.0 |
          Lair |  16718 |  15196 |   1522 |   7020 |   4258 |   6 | 2786.3 |
        Shoals |  10981 |  10611 |    370 |   5260 |   1088 |   4 | 2745.2 |
     Snake Pit |  11017 |  10451 |    566 |   4720 |   2031 |   4 | 2754.2 |
    Slime Pits |   1590 |   1557 |     33 |    737 |      0 |   5 |  318.0 |
  Orcish Mines |   6207 |   5533 |    674 |   2899 |    506 |   2 | 3103.5 |
   Elven Halls |   7196 |   6672 |    524 |   2955 |    779 |   3 | 2398.7 |
        Vaults |  18341 |  16749 |   1592 |   7658 |   2181 |   5 | 3668.2 |
         Crypt |   5040 |   4760 |    280 |    981 |    936 |   3 | 1680.0 |
        Depths |  10673 |   8512 |   2161 |   1425 |   2284 |   4 | 2668.2 |
           Zot |   8259 |   7917 |    342 |   2255 |   1479 |   5 | 1651.8 |
         Abyss |     60 |     60 |      0 |      0 |      0 |   2 |   30.0 |
        Bazaar |     46 |     46 |      0 |      0 |     41 |   1 |   46.0 |
        Bailey |   1440 |   1440 |      0 |    899 |      1 |   1 | 1440.0 |
       Volcano |    583 |    583 |      0 |    371 |      0 |   1 |  583.0 |
        Wizlab |      3 |      3 |      0 |      0 |      0 |   1 |    3.0 |
               +--------+--------+--------+--------+--------+-----+--------+

Top non-repeatable levels by time:
Vaults:3: 6399 daAuts
Vaults:4: 4065 daAuts
   Elf:3: 3782 daAuts
Vaults:2: 3554 daAuts
Depths:3: 3361 daAuts
  Lair:4: 3279 daAuts
Shoals:4: 3276 daAuts
Depths:2: 3275 daAuts
  Lair:5: 3267 daAuts
   Orc:2: 3186 daAuts
    D:11: 3154 daAuts
   Orc:1: 3020 daAuts
 Snake:3: 3000 daAuts
  Lair:6: 2950 daAuts
 Snake:1: 2842 daAuts
